Map: Catalyst LE

Players

meowmeowcute - Winner!

  • Race: Protoss Protoss
  • Spawn Location: 5:00

A.I. 1 (Hard)

  • Race: Terran Terran
  • Spawn Location: 11:00

VOD

Have the link to the VOD?

Description

Time

  • Played on: June 27, 2018, 3:19 p.m.
  • Length: 17:52
Show
View Real Time Build Order
Export as new Build Order

meowmeowcute Protoss - Winner!

Build Orders:  

Get SALT Encoding   

  12  0:15  Probe  
  12  0:16  Pylon  
  13  0:23  Probe  
  14  0:31  Probe  
  15  0:45  Probe, Gateway  
  16  0:52  Assimilator  
  16  0:58  Probe  
  17  1:06  Probe  
  18  1:11  Pylon  
  18  1:14  Probe  
  19  1:39  Cybernetics Core, Probe  
  20  1:51  Zealot, Assimilator  
  22  2:06  Probe  
  22  2:15  Probe  
  23  2:18  Zealot  
  26  2:24  Probe  
  27  2:31  Forge  
  27  2:36  Probe  
  28  2:39  Pylon  
  28  2:50  Probe  
  29  3:03  Robotics Facility  
  29  3:28  Probe  
  29  3:32  Protoss Shields Level 1  
  30  3:36  Probe  
  30  3:37  Warp Gate  
  31  3:46  Probe, Sentry  
  33  3:50  Pylon  
  34  3:58  Probe, Stargate  
  35  4:10  Probe  
  36  4:22  Probe  
  37  4:29  Gateway  
  37  4:30  Gateway  
  37  4:32  Gateway  
  37  4:40  Probe  
  38  4:45  Nexus  
  38  4:46  Observer  
  38  4:48  Probe  
  40  4:57  Probe  
  40  5:04  Fleet Beacon  
  40  5:06  Pylon  
  41  5:08  Observer  
  41  5:09  Probe  
  43  5:22  Probe  
  44  5:32  Protoss Air Weapons Level 1  
  44  5:42  Probe  
  45  5:49  Immortal  
  49  5:54  Probe  
  50  5:58  Assimilator  
  50  6:01  Assimilator  
  50  6:04  Graviton Catapult  
  50  6:05  Probe  
  51  6:13  Probe  
  52  6:21  Probe  
  52  6:22  Protoss Ground Weapons Level 1  
  53  6:28  Immortal  
  56  7:00  Stalker  
  58  7:02  Stalker x2  
  58  7:03  Stalker  
  58  7:07  Tempest  
  60  7:16  Nexus  
  50  7:37  Immortal, Stalker  
  50  7:38  Stalker  
  50  7:39  Stalker x2  
  52  8:05  Assimilator  
  51  8:09  Stalker, Assimilator  
  51  8:10  Stalker x2  
  51  8:11  Stalker  
  57  8:41  Probe  
  58  8:49  Probe, Immortal  
  63  8:59  Probe  
  64  9:11  Probe  
  64  9:13  Probe  
  66  9:21  Probe  
  66  9:23  Probe  
  67  9:28  Immortal  
  67  9:30  Probe  
  72  9:36  Stalker  
  72  9:37  Stalker x2  
  72  9:38  Stalker  
  81  9:43  Probe  
  82  9:55  Probe  
  83  10:06  Pylon  
  83  10:08  Pylon  
  83  10:11  Protoss Air Armor Level 1, Pylon  
  83  10:14  Protoss Ground Armor Level 1  
  83  10:16  Stargate  
  83  10:26  Forge  
  83  10:40  Robotics Facility  
  83  10:42  Robotics Facility  
  83  10:44  Stalker x2  
  83  10:45  Stalker  
  83  10:46  Stalker  
  91  10:57  Carrier  
  91  11:01  Carrier  
  103  11:21  Mothership  
  77  11:43  Probe  
  86  11:47  Probe  
  86  11:51  Probe  
  87  11:55  Probe  
  87  12:00  Stalker x2  
  87  12:01  Probe, Stalker x2  
  94  12:04  Probe  
  94  12:05  Protoss Air Weapons Level 2  
  94  12:06  Immortal  
  94  12:07  Immortal  
  106  12:13  Probe  
  107  12:16  Probe  
  108  12:25  Probe  
  109  12:33  Pylon  
  109  12:34  Pylon  
  109  12:35  Pylon x2  
  109  12:37  Pylon  
  109  12:38  Pylon  
  114  12:51  Probe, Immortal  
  114  12:57  Immortal  
  118  13:09  Twilight Council  
  118  13:15  Photon Cannon  
  118  13:17  Photon Cannon  
  118  13:18  Photon Cannon  
  118  13:19  Photon Cannon  
  118  13:25  Stalker  
  118  13:26  Stalker x2  
  118  13:27  Stalker  
  126  13:34  Immortal  
  130  13:36  Immortal  
  134  13:49  Probe  
  135  13:57  Probe  
  135  14:01  Tempest x2  
  148  14:04  Immortal  
  148  14:07  Probe  
  153  14:13  Protoss Shields Level 2  
  153  14:16  Protoss Ground Armor Level 2  
  153  14:19  Probe  
  154  14:31  Probe  
  155  14:32  Probe  
  155  14:33  Nexus  
  156  14:40  Probe  
  157  14:55  Probe  
  143  15:07  Probe  
  144  15:22  Immortal x2  
  144  15:23  Immortal  
  156  15:34  Assimilator  
  156  15:39  Assimilator  
  156  15:43  Pylon  
  156  15:45  Carrier  
  156  15:47  Pylon  
  162  16:06  Stalker  
  162  16:07  Stalker  
  162  16:08  Stalker x2  
  168  17:22  Stalker  
  170  17:23  Stalker x2  
  170  17:24  Stalker  
Show
View Real Time Build Order
Export as new Build Order

A.I. 1 (Hard) Terran 

Build Orders: MMM Bio 

Get SALT Encoding   

  12  0:00  SCV  
  13  0:13  SCV  
  14  0:19  Supply Depot  
  14  0:25  SCV  
  15  0:40  SCV  
  16  0:42  Barracks  
  16  0:49  Refinery  
  16  0:52  SCV  
  17  1:05  SCV  
  18  1:17  SCV  
  19  1:21  Supply Depot  
  19  1:29  SCV, Marine  
  21  1:42  Orbital Command, Barracks  
  21  1:47  Marine  
  21  1:51  Refinery  
  22  1:59  Factory  
  22  2:06  Barracks Tech Lab  
  22  2:21  Supply Depot  
  22  2:24  Marine  
  23  2:42  Marauder  
  25  2:48  Hellion  
  27  2:53  Supply Depot  
  27  2:58  Marine  
  28  3:09  Marine  
  29  3:20  Marine  
  29  3:24  Supply Depot  
  30  3:31  Marauder  
  32  3:36  SCV  
  33  3:42  Hellion  
  33  3:48  Engineering Bay, SCV  
  36  4:01  SCV  
  37  4:03  Hellion  
  39  4:13  SCV  
  40  4:18  Supply Depot  
  40  4:25  SCV, Hellion  
  43  4:37  SCV  
  44  4:46  Hellion  
  46  5:07  Hellion  
  48  5:29  Hellion  
  50  6:34  Barracks Tech Lab  
  50  6:36  Marauder, Terran Infantry Weapons Level 1, Stimpack  
  50  6:38  Factory, Factory Tech Lab  
  52  6:43  Starport, Command Center  
  52  6:47  Starport  
  52  6:48  Supply Depot  
  52  6:50  Missile Turret  
  52  6:52  Missile Turret, Concussive Shells  
  52  6:56  Marine, Barracks  
  52  6:59  Marauder  
  53  7:13  Supply Depot  
  53  7:14  Marine, Bunker  
  52  7:19  Marine  
  52  7:21  Sensor Tower  
  51  7:22  Factory Tech Lab, Ghost Academy  
  51  7:23  Starport Tech Lab  
  51  7:25  Starport Tech Lab  
  51  7:32  Marine  
  51  7:35  Combat Shields  
  48  7:38  Marauder  
  48  7:42  Raven  
  48  7:43  Marine, Raven  
  53  7:49  Armory  
  53  7:50  Marine  
  47  7:59  SCV, Marine  
  47  8:01  SCV  
  47  8:04  Marine  
  51  8:06  Refinery  
  51  8:11  Marine, SCV  
  51  8:12  Refinery  
  53  8:13  SCV  
  53  8:19  Marine  
  50  8:23  SCV  
  50  8:25  SCV  
  50  8:26  Marine  
  53  8:30  Terran Infantry Armor Level 1  
  53  8:34  Marauder  
  55  8:35  SCV  
  55  8:39  SCV  
  55  8:40  Marine  
  58  8:47  SCV  
  59  8:50  Missile Turret  
  59  8:51  SCV  
  59  8:55  Marauder  
  62  8:58  Marauder  
  62  8:59  SCV  
  62  9:02  Missile Turret  
  65  9:03  SCV  
  65  9:04  Barracks Reactor  
  66  9:11  SCV  
  66  9:15  Ghost, SCV  
  70  9:22  Bunker  
  70  9:24  SCV  
  71  9:28  SCV  
  72  9:36  SCV  
  73  9:40  SCV  
  74  9:48  SCV  
  75  10:54  Reaper, Medivac x2, Terran Infantry Weapons Level 2  
  75  10:55  Terran Vehicle Weapons Level 1  
  75  10:56  Supply Depot, Marine  
  81  10:59  Marine  
  81  11:00  Fusion Core  
  81  11:02  Marine  
  81  11:03  Engineering Bay  
  83  11:06  Command Center, Armory  
  82  11:14  Marine  
  82  11:17  Reaper  
  84  11:24  Medivac, Raven  
  84  11:25  Ghost  
  88  11:28  Terran Infantry Armor Level 2, Marine  
  88  11:32  Marine  
  86  11:46  Marine  
  87  11:49  Marine  
  87  11:52  Terran Vehicle And Ship Armor Level 1  
  87  12:18  SCV  
  87  12:20  SCV  
  87  12:21  SCV  
  90  12:29  Missile Turret  
  90  12:30  SCV  
  90  12:32  SCV  
  90  12:33  Missile Turret, SCV  
  93  12:37  Refinery  
  93  12:40  Refinery  
  93  12:42  SCV  
  94  12:44  SCV  
  94  12:46  SCV  
  94  12:49  Terran Ship Weapons Level 1  
  96  12:54  SCV, Bunker  
  96  12:57  SCV  
  96  12:58  SCV  
  99  13:06  SCV  
  99  13:09  SCV  
  99  13:10  SCV  
  102  13:19  SCV  
  103  13:21  SCV  
  103  13:24  Supply Depot  
  106  14:17  Terran Vehicle Weapons Level 2, Terran Infantry Armor Level 3, Terran Infantry Weapons Level 3, Hellion  
  106  14:19  Siege Tank  
  106  14:20  Supply Depot  
  109  14:38  Hellion  
  111  14:43  Terran Vehicle And Ship Armor Level 2  
  111  14:44  Supply Depot  
  110  14:52  Hellion  
  110  14:56  Medivac  
  110  14:58  Medivac  
  110  14:59  Siege Tank  
  112  15:02  Marine  
  112  15:05  Marine  
  84  15:08  Marine  
  84  15:11  Marine  
  79  15:15  Siege Tank  
  79  15:20  Marine  
  83  15:23  Marine  
  83  15:26  Marine, Raven  
  87  15:28  Medivac  
  87  15:29  Marine  
  87  15:31  Siege Tank  
  93  15:37  Command Center  
  93  15:38  Marine  
  93  15:41  Marine  
  95  15:44  Marine  
  95  15:47  Marine, Siege Tank  
  100  15:52  Supply Depot  
  88  15:57  Marauder, SCV  
  88  15:58  Raven  
  88  15:59  SCV  
  88  16:03  Siege Tank  
  88  16:04  Marauder  
  85  16:09  SCV, Raven  
  85  16:11  SCV  
  88  16:19  Marauder, Siege Tank  
  88  16:21  SCV  
  88  16:23  SCV  
  95  16:33  Command Center, Marine  
  95  16:34  SCV  
  95  16:35  Thor, SCV  
  95  16:37  Marine  
  95  16:39  Marine  
  87  16:43  Marine  
  87  16:46  Medivac, SCV  
  72  16:51  Marine  
  72  16:52  Refinery  
  61  16:54  Marine  
  61  16:55  Hellion  
  61  16:57  Marine  
  61  17:00  Marine  
  56  17:01  Viking  
  56  17:04  Refinery  
  56  17:07  SCV  
  51  17:08  SCV  
  51  17:09  Marine  
  51  17:12  Marine  
  51  17:15  Marine  
  51  17:16  Siege Tank  
  51  17:17  Command Center  
  51  17:19  Marine, SCV, Hellion  
  56  17:27  Marauder  
  39  17:31  SCV  
Tags
 
Composition
MMM Bio
Matchup
PvT
Spawn Locations
Cross Positions
Add a new tag
Caveats
  • Supply blocks, unpowered buildings, or Contaminate may cause inaccurate times.
  • Supply counts are checked every 10 seconds.